 Dungeon Crawl Stone Soup version 0.31-a0-819-gf6de2f5ab6 (webtiles) character file.

Game seed: 8315551251864371128

345 randomguy2701 the Gusty (level 6, 0/33 HPs)
             Began as a Tengu Air Elementalist on Sept 23, 2023.
             Slain by a bullfrog (3 damage)
             ... on level 3 of the Dungeon.
             The game lasted 00:04:51 (3469 turns).

randomguy2701 the Gusty (Tengu Air Elementalist)    Turns: 3469, Time: 00:04:52

Health: 0/33       AC:  2    Str:  9    XL:     6   Next: 58%
Magic:  9/12       EV: 12    Int: 17    God:
Gold:   166        SH:  0    Dex: 14    Spells: 11/12 levels left

rFire   . . .        n - +2 falchion (freeze)
rCold   + . .        (no shield)
rNeg    . . .        a - +0 robe
rPois   .            (helmet restricted)
rElec   .            (no cloak)
rCorr   .            (no gloves)
SInv    .            (boots unavailable)
Will    .....        (no amulet)
Stlth   ++           m - ring of protection from cold
HPRegen 0.25/turn    (no ring)
MPRegen 0.13/turn

%: acrobat
@: no status effects
A: beak, talons 3, acrobatic
a: no special abilities


You were on level 3 of the Dungeon.
You visited 1 branch of the dungeon, and saw 4 of its levels.

You collected 166 gold pieces.

Inventory:

Hand Weapons
 c - a +0 short sword of protection
 n - a +2 falchion of freezing (weapon)
Armour
 a - a +0 robe (worn)
 y - the +7 chain mail of the Mertaur {rElec rC- Stlth+}
   (You found it on level 3 of the Dungeon)

   rC-:       It makes you vulnerable to cold.
   rElec:     It insulates you from electricity.
   Stlth+:    It makes you more stealthy.
Jewellery
 m - a ring of protection from cold (left hand)
Scrolls
 d - 3 scrolls of enchant weapon {unknown}
 e - 3 scrolls of identify {unknown}
 g - a scroll of enchant armour {unknown}
 h - a scroll of immolation {unknown}
 j - 3 scrolls of fear {unknown}
 l - a scroll of butterflies {unknown}
 o - a scroll of noise {unknown}
 p - a scroll of vulnerability {unknown}
 q - a scroll of revelation {unknown}
 s - a scroll of brand weapon {unknown}
 t - a scroll of teleportation {unknown}
 v - a scroll of poison {unknown}
Potions
 b - a potion of magic
 f - a potion of degeneration {unknown}
 i - a potion of heal wounds {unknown}
 k - a potion of berserk rage {unknown}
 r - a potion of lignification {unknown}
 u - a potion of curing {unknown}
 w - a potion of enlightenment {unknown}
 x - 2 potions of attraction {unknown}


   Skills:
 + Level 0.6 Fighting
 + Level 1.6(1.9) Short Blades
 + Level 1.1(1.6) Long Blades
 + Level 2.6 Dodging
 + Level 2.3 Stealth
 + Level 3.6 Spellcasting
 + Level 4.1 Conjurations
 + Level 5.9 Air Magic


You had 11 spell levels left.
You knew the following spells:

 Your Spells              Type           Power      Damage    Failure   Level
a - Shock                 Conj/Air       80%        1d8       1%          1

Your spell library contained the following spells:

 Spells                   Type           Power      Damage    Failure   Level
 Static Discharge         Conj/Air       40%        2-4/arc   3%          2
 Swiftness                Air            23%        N/A       4%          3
 Airstrike                Air            11%        2d(2-18)  14%         4
 Gell's Gravitas          Tloc           3%         N/A       45%         3
 Teleport Other           Tloc           3%         N/A       45%         3
 Dispersal                Tloc           1%         N/A       100%        6


Dungeon Overview and Level Annotations

Branches:
Dungeon (4/15)
 Temple: D:4-7

Altars:
Cheibriados
Kikubaaqudgha
Yredelemnul


Innate Abilities, Weirdness & Mutations

You have a beak for a mouth.
You have claws for feet.
You can magically evade attacks while moving or waiting.


Message History

The bullfrog hits you.
* * * LOW HITPOINT WARNING * * *
The bullfrog attacks as it pursues you! The bullfrog completely misses you.
The bullfrog barely misses you.
Casting: Shock (safe; 1% risk of failure)
Confirm with . or Enter, or press ? or * to list all spells.
Aiming: Shock (safe; 1% risk of failure)
Press: ? - help, Shift-Dir - straight line, f - orc
Aim: an orc, wielding a +0 dagger (71% to hit)
The zap misses the bullfrog.
The zap hits the orc.
The orc is lightly wounded.
The zap hits the orc.
The orc is almost dead.
The bullfrog closely misses you.
Casting: Shock (safe; 1% risk of failure)
Confirm with . or Enter, or press ? or * to list all spells.
Aiming: Shock (safe; 1% risk of failure)
Press: ? - help, Shift-Dir - straight line, f/p - orc
Aim: an orc, wielding a +0 dagger (almost dead, 71% to hit)
The zap hits the bullfrog.
The bullfrog is moderately wounded.
The zap hits the orc.
The orc is severely wounded.
The zap hits the orc.
You kill the orc!
The bullfrog hits you.
* * * LOW HITPOINT WARNING * * *
The bullfrog barely misses you.
Unknown command.
Casting: Shock (safe; 1% risk of failure)
Confirm with . or Enter, or press ? or * to list all spells.
Aiming: Shock (safe; 1% risk of failure)
Press: ? - help, Shift-Dir - straight line, f - bullfrog
Aim: a bullfrog (moderately wounded, 64% to hit)
The zap hits the bullfrog.
The bullfrog is moderately wounded.
The zap hits the orc!
You kill the orc!
The bullfrog hits you.
You die...

#...._.....##...........#######
#.#.....#####.......###.......#
#.#§...§# #...........#####.#
#.###.### #......#.#.######.# #.#
#...# #..#....###.....#.# #)#
###.# #.o#)#...#.####.#.### #.#
#.# #.)#)####.## #...... #[# #.#
#>.#F# #.# ###.### #.#
#.#####.†#@# #.# ####.... #.#
#........#.# #.# #.......
#.############.#.# #.# #.######
#.....# #.#.####.####.......
#####.########..........)..######
#.....)......###.#.....#
############## #...##### #####


You could see a bullfrog.

Vanquished Creatures
  Sigmund (D:2)
  Terence (D:2)
  Robin (D:2)
  4 adders
  A worm (D:2)
  4 dart slugs
  6 orcs (D:3)
  12 endoplasms
  2 giant cockroaches
  16 goblins
  12 hobgoblins
  7 kobolds
  4 quokkas
  5 ball pythons
  3 bats (D:1)
  11 frilled lizards
  6 rats
96 creatures vanquished.

Notes
Turn   | Place    | Note
-------+----------+-------------------------------------------
     0 | D:1      | randomguy2701 the Tengu Air Elementalist began the quest
                  | for the Orb.
     0 | D:1      | Reached XP level 1. HP: 10/10 MP: 4/4
   334 | D:1      | Reached XP level 2. HP: 15/15 MP: 0/6
   705 | D:1      | Reached XP level 3. HP: 19/19 MP: 3/7
  1333 | D:2      | Found a faded altar of an unknown god.
  1612 | D:2      | Reached XP level 4. HP: 24/24 MP: 3/9
  1731 | D:2      | Noticed Sigmund
  1738 | D:2      | Killed Sigmund
  1739 | D:2      | Reached skill level 5 in Air Magic
  1739 | D:2      | Reached XP level 5. HP: 6/28 MP: 7/11
  1846 | D:2      | Reached XP level 6. HP: 33/33 MP: 7/12
  1895 | D:2      | Noticed Terence
  1903 | D:2      | Killed Terence
  1904 | D:2      | Reached skill level 1 in Short Blades
  2048 | D:2      | Identified the +3 trident "Liposh" {antimagic, rN+ rCorr
                  | Str-4}
  2139 | D:2      | Noticed Robin
  2144 | D:2      | Killed Robin
  2592 | D:3      | Found a basalt altar of Yredelemnul.
  2663 | D:3      | Found a snail-covered altar of Cheibriados.
  2784 | D:3      | Reached skill level 1 in Long Blades
  3142 | D:3      | Found an ancient bone altar of Kikubaaqudgha.
  3159 | D:3      | Identified the +7 chain mail of the Mertaur {rElec rC-
                  | Stlth+}
  3456 | D:4      | Noticed a black bear
  3469 | D:3      | Slain by a bullfrog

Illustrated notes

Levels and vault maps discovered:
D:1:      lightli_arrival_chessboard, layout_loops_ring
D:2:      layout_loops_ring, ebering_ecumenical_altar_webs, uniq_robin,
          uniq_sigmund, uniq_terence
D:3:      layout_loops_ring, nicolae_kikubaaqudgha_miasma_corner,
          mainiacjoe_overflow_catwalk, lemuel_doored_altar, minmay_lizard_king
D:4:      layout_basic, serial_forest, infiniplex_forest_clump_small,
          infiniplex_forest_side_room, infiniplex_forest_lined_room_,
          infiniplex_forest_end_2, infiniplex_forest_straight_2,
          infiniplex_forest_end_1, uniq_blork_the_orc

Skill      XL: |  1  2  3  4  5  6 |
---------------+-------------------+-----
Conjurations   | 2 3 4 |  4.1
Spellcasting   | 3 |  3.6
Air Magic      | 5 |  5.9
Short Blades   | 1 |  1.6
Long Blades    | 1 |  1.1
Fighting       | |  0.6
Dodging        | |  2.6
Stealth        | |  2.3

Action                     |  1- 3 |  4- 6 || total
---------------------------+-------+-------++-------
  Melee: Unarmed           |    12 |       ||    12
         Kick              |    10 |     3 ||    13
         Short sword       |    15 |       ||    15
         Peck              |     2 |     2 ||     4
         Punch             |     1 |       ||     1
         Falchion          |     2 |     9 ||    11
   Cast: Shock             |    77 |    89 ||   166
 Armour: Robe              |    15 |    25 ||    40
  Dodge: Dodged            |    22 |    28 ||    50

Table legend: (Time is in decaauts)
 A = Elapsed time spent in this place.
 B = Non-inter-level travel time spent in this place.
 C = Inter-level travel time spent in this place.
 D = Time resting spent in this place.
 E = Time spent auto-exploring this place.
 F = Levels seen in this place.
 G = Mean time per level.
                   A        B        C        D        E       F      G
               +--------+--------+--------+--------+--------+-----+--------+
         Total |   3471 |   3323 |    148 |      0 |   2930 |   4 |  867.8 |
       Dungeon |   3471 |   3323 |    148 |      0 |   2930 |   4 |  867.8 |
               +--------+--------+--------+--------+--------+-----+--------+

Top non-repeatable levels by time:
     D:1: 1332 daAuts
     D:2: 1199 daAuts
     D:3: 934 daAuts
     D:4: 5 daAuts
